 Dungeon Crawl Stone Soup version 0.30-a0-534-gdc55766716 (webtiles) character file.

Game seed: 8334901555038287399

96 bande the Trooper (level 4, -1/29 HPs)
             Began as a Gargoyle Fighter on Dec 25, 2022.
             Slain by a gnoll
             ... wielding a +0 halberd
              (9 damage)
             ... on level 3 of the Dungeon.
             The game lasted 00:02:18 (1744 turns).

bande the Trooper (Gargoyle Fighter)                Turns: 1744, Time: 00:02:19

Health: -1/29      AC: 14    Str: 20    XL:     4   Next: 67%
Magic:  4/4        EV:  9    Int:  8    God:
Gold:   112        SH:  4    Dex: 11    Spells: 3/3 levels left

rFire   . . .      SeeInvis .    a - +0 war axe
rCold   . . .      Faith    .    c - +0 buckler
rNeg    + . .      Spirit   .    b - +0 scale mail
rPois   ∞          Reflect  .    (no helmet)
rElec   +          Harm     .    (no cloak)
rCorr   +          Rampage  .    (no gloves)
Will    .....                    (no boots) Stlth
                                 (no amulet)
HPRegen 0.24/turn                e - ring of resist corrosion
MPRegen 0.09/turn                n - +4 ring of protection

@: no status effects
A: sickness immunity, AC +3, negative energy resistance 1, electricity
resistance, torment resistance 1, petrification resistance
a: no special abilities


You were on level 3 of the Dungeon.
You visited 1 branch of the dungeon, and saw 3 of its levels.

You collected 112 gold pieces.

Inventory:

Hand Weapons
 a - a +0 war axe (weapon)
Armour
 b - a +0 scale mail (worn)
 c - a +0 buckler (worn)
Jewellery
 e - a ring of resist corrosion (left hand)
 g - a ring of magical power
 n - a +4 ring of protection (right hand)
Scrolls
 f - a scroll of fog {unknown}
 k - a scroll of vulnerability {unknown}
 l - a scroll of immolation {unknown}
 p - a scroll of silence {unknown}
Potions
 d - 2 potions of might
 h - 2 potions of mutation {unknown}
 i - a potion of lignification {unknown}
 j - 3 potions of degeneration {unknown}
 m - a potion of resistance {unknown}
 o - 2 potions of heal wounds {unknown}


   Skills:
 + Level 4.0 Fighting
 + Level 2.8 Axes
 + Level 3.9 Armour
 + Level 3.9 Shields


You had 3 spell levels left.
You didn't know any spells.
Your spell library contained the following spells:

 Spells                   Type           Power      Damage    Failure   Level
 Magic Dart               Conj           0%         1d3       85%         1
 Searing Ray              Conj           0%         2d4       94%         2
 Ozocubu's Armour         Ice            0%         N/A       99%         3
 Fulminant Prism          Conj/Hex       0%         3d5       100%        4
 Ozocubu's Refrigeration  Ice            0%         4d7       100%        7


Dungeon Overview and Level Annotations

Branches:
Dungeon (3/15)

Altars:

Shops:
D:2 (


Innate Abilities, Weirdness & Mutations

You are immune to sickness and miasma.
Your stone body is resilient. (AC +3)
You are immune to poison.
You resist negative energy. (rN+)
You are resistant to electric shocks. (rElec)
You are resistant to unholy torment.
You are immune to petrification.


Message History

The kobold is severely wounded.
A gnoll comes into view. It is wielding a +0 halberd.
The kobold completely misses you.
You closely miss the kobold.
The kobold is severely wounded.
The kobold hits you but does no damage.
You closely miss the kobold.
The kobold is severely wounded.
The gnoll barely misses you. The kobold closely misses you.
You block the kobold's attack. You block the gnoll's attack.
You slash the kobold!
You kill the kobold!
The gnoll hits you but does no damage.
You barely miss the gnoll. The gnoll closely misses you.
The gnoll hits you but does no damage. The gnoll hits you with a +0 club.
You barely miss the gnoll.
The gnoll hits you but does no damage. x2
You slash the gnoll!
The gnoll is heavily wounded.
You block the gnoll's attack.
The gnoll hits you from afar with a +0 spear.
You block the gnoll's attack.
You closely miss the gnoll.
The gnoll is heavily wounded.
The gnoll closely misses you. The gnoll hits you but does no damage.
The gnoll closely misses you. The gnoll hits you but does no damage.
The gnoll hits you from afar with a +0 halberd!
The gnoll hits you with a +0 club.
You slash the gnoll!
You kill the gnoll!
The gnoll barely misses you. You block the gnoll's attack.
You hit the endoplasm.
The endoplasm is almost dead.
The endoplasm freezes you.
You are frozen.
The gnoll hits you from afar with a +0 spear.
The gnoll hits you from afar with a +0 halberd.
* * * LOW HITPOINT WARNING * * *
The gnoll hits you but does no damage.
The gnoll hits you from afar with a +0 halberd!
You die...

#.......###.#.#.#..
##..########.#[#....
#..........#.#.# ..
########.###.####.#.#.# #.
.......<.# .####.#.#.####.
########.###.#....#.#......
#...................
###.###..).#.....†.. #@#
####.######.## #J# .. #.##


g.g .## #.## .#.#. #. #.## .##.##.# #.# #. ... .. #####.## # #.# ## #....... ..#
#.###.## #.###.###.## You could see 2 gnolls and an endoplasm.

Vanquished Creatures
  A gnoll (D:3)
  4 adders
  A worm (D:3)
  5 ball pythons
  3 endoplasms
  A giant cockroach (D:3)
  3 goblins
  5 hobgoblins
  3 jackals (D:3)
  4 kobolds
  A quokka (D:1)
  8 bats
  2 frilled lizards
  A rat (D:1)
42 creatures vanquished.

Notes
Turn   | Place    | Note
-------+----------+-------------------------------------------
     0 | D:1      | bande the Gargoyle Fighter began the quest for the Orb.
     0 | D:1      | Reached XP level 1. HP: 14/14 MP: 1/1
   179 | D:1      | Reached XP level 2. HP: 15/19 MP: 2/2
   779 | D:2      | Reached XP level 3. HP: 24/24 MP: 3/3
   969 | D:2      | Reached XP level 4. HP: 27/29 MP: 4/4
  1012 | D:2      | Found Ubeymm's Weapon Shop.
  1611 | D:3      | Reached skill level 4 in Fighting
  1744 | D:3      | Slain by a gnoll

Illustrated notes

Levels and vault maps discovered:
D:1:      ebering_trefoil_twist, layout_rooms, st_stairs_10, roderic_lattice_a
D:2:      layout_basic, serial_shops, nicolae_shop_bloodbath_and_beyond,
          serial_forest, infiniplex_forest_diagonal, infiniplex_forest_fountain,
          infiniplex_forest_straight_4, infiniplex_forest_straight_1,
          infiniplex_forest_lined_room_2, infiniplex_forest_end_2
D:3:      layout_loops_ring, uniq_crazy_yiuf_cottage

Skill      XL: |  1  2  3  4 |
---------------+-------------+-----
Axes           | 2 |  2.8
Fighting       | 4 |  4.0
Armour         | |  3.9
Shields        | |  3.9

Action                   |  1- 3 |  4- 6 || total
-------------------------+-------+-------++-------
Melee: War axe           |    97 |    62 ||   159
Armor: Scale mail        |    68 |    37 ||   105
Dodge: Dodged            |    66 |    34 ||   100
Block: Buckler           |    23 |    19 ||    42

Table legend: (Time is in decaauts)
 A = Elapsed time spent in this place.
 B = Non-inter-level travel time spent in this place.
 C = Inter-level travel time spent in this place.
 D = Time resting spent in this place.
 E = Time spent auto-exploring this place.
 F = Levels seen in this place.
 G = Mean time per level.
                   A        B        C        D        E       F      G
               +--------+--------+--------+--------+--------+-----+--------+
         Total |   1811 |   1738 |     73 |      0 |   1359 |   3 |  603.7 |
       Dungeon |   1811 |   1738 |     73 |      0 |   1359 |   3 |  603.7 |
               +--------+--------+--------+--------+--------+-----+--------+

Top non-repeatable levels by time:
     D:1: 782 daAuts
     D:2: 649 daAuts
     D:3: 379 daAuts
